 Dungeon Crawl Stone Soup version 0.25.1-2-g60ff931df9 (webtiles) character file.

Game seed: 14259216829695411978

111 DerDa the Sneak (level 4, 0/34 HPs)
             Began as a Gnoll Wanderer on Aug 21, 2020.
             Slain by an orc priest
             ... wielding a cursed +0 mace
              (2 damage)
             ... on level 4 of the Dungeon.
             The game lasted 00:04:01 (2553 turns).

DerDa the Sneak (Gnoll Wanderer)                    Turns: 2553, Time: 00:04:01

Health: 0/34       AC:  3    Str: 15    XL:     4   Next: 92%
Magic:  5/5        EV: 14    Int: 15    God:
Gold:   173        SH:  0    Dex: 14    Spells: 5/5 levels left

rFire    + . .     SeeInvis .   a - +2 dagger
rCold    . . .     Gourm    .   (no shield)
rNeg     . . .     Faith    .   e - +0 robe
rPois    .         Spirit   .   (no helmet)
rElec    .         Reflect  .   r - +0 cloak
rCorr    .         Harm     .   (no gloves)
MR       .....                  (no boots)
Stlth    ++++......             (no amulet)
HPRegen  0.11/turn              i - ring of protection from fire
MPRegen  0.09/turn              (no ring)

@: no status effects
A: distributed training, fangs 1, strong nose
a: no special abilities


You were on level 4 of the Dungeon.
You were not hungry.

You visited 1 branch of the dungeon, and saw 4 of its levels.

You collected 173 gold pieces.

Inventory:

Hand Weapons
 a - a +2 dagger (weapon)
 c - a +0 short sword
Missiles
 g - 141 stones (quivered)
 q - 11 boomerangs
 s - 24 sling bullets
 t - 17 arrows
Armour
 e - a +0 robe (worn)
 r - a +0 cloak (worn)
Jewellery
 i - a ring of protection from fire (left hand)
 n - an uncursed ring of positive energy {unknown}
 w - an uncursed amulet of reflection {unknown}
Scrolls
 j - a scroll of enchant weapon {unknown}
 k - 2 scrolls of enchant armour {unknown}
 l - 3 scrolls of blinking {unknown}
 m - 2 scrolls of remove curse {unknown}
 o - 2 scrolls of teleportation {unknown}
 p - 3 scrolls of identify {unknown}
 x - a scroll of magic mapping {unknown}
Potions
 b - a potion of haste
 d - a potion of curing
 u - a potion of ambrosia {unknown}
 v - a potion of lignification {unknown}
Comestibles
 f - 9 rations


   Skills:
 + Level 2.8 Fighting
 + Level 1.2 Short Blades
 + Level 2.8 Long Blades
 + Level 1.2 Axes
 + Level 1.2 Maces & Flails
 + Level 1.2 Polearms
 + Level 1.2 Staves
 + Level 1.2 Slings
 + Level 1.2 Bows
 + Level 1.2 Crossbows
 + Level 1.2 Throwing
 + Level 1.2 Armour
 + Level 4.7 Dodging
 + Level 7.9 Stealth
 + Level 1.2 Shields
 + Level 4.7 Unarmed Combat
 + Level 1.2 Spellcasting
 + Level 1.0 Conjurations
 + Level 1.0 Hexes
 + Level 1.0 Charms
 + Level 1.0 Summonings
 + Level 1.0 Necromancy
 + Level 1.0 Translocations
 + Level 1.0 Transmutations
 + Level 1.0 Fire Magic
 + Level 1.0 Ice Magic
 + Level 1.0 Air Magic
 + Level 1.0 Earth Magic
 + Level 1.0 Poison Magic
 + Level 1.4 Invocations
 + Level 1.2 Evocations


You had 5 spell levels left.
You didn't know any spells.
Your spell library was empty.

Dungeon Overview and Level Annotations

Branches:
Dungeon (4/15)
 Temple: D:4-7

Altars:


Innate Abilities, Weirdness & Mutations

Your experience applies equally to all skills.
You have very sharp teeth.
Your uncanny sense of smell can sniff out nearby items.


Message History

You closely miss the orc priest. You hit the orc priest.
Your bite misses the orc priest.
The orc priest is lightly wounded.
The orc priest calls down the wrath of Beogh upon you.
Pain shoots through your body!
You barely miss the orc priest.
The orc priest is lightly wounded.
The orc priest mumbles some strange prayers to Beogh against you.
You barely resist.
The orc priest hits you with a cursed +0 mace!
There is an escape hatch in the ceiling here.
You closely miss the orc priest.
The orc priest looks braver for a moment.
The orc priest invokes the aid of Beogh against you.
Beogh smites you!
* * * LOW HITPOINT WARNING * * *
The orc priest hits you with a +0 club.
* * * LOW HITPOINT WARNING * * *
The orc priest hits you with a cursed +0 mace.
You die...

### #<# #.# #.#
#.# ######## #.#
#......#####.#
#............#
#o@.....#######
#..o...........
#..o....#######
########.#.#.#.
.o.ooo..o.......
#############..#
∆ .# #


You could see 2 orc priests and 2 orcs.

Vanquished Creatures
  4 adders
  An ooze (D:2)
  2 worms (D:2)
  A dart slug (D:2)
  3 leopard geckos
  2 orcs
  3 ball pythons
  A bat (D:1)
  2 giant cockroaches
  7 goblins
  6 hobgoblins
  9 jackals
  4 kobolds (D:2)
  A quokka (D:2)
  2 frilled lizards
  5 rats
53 creatures vanquished.

Notes
Turn   | Place    | Note
-------+----------+-------------------------------------------
     0 | D:1      | DerDa the Gnoll Wanderer began the quest for the Orb.
     0 | D:1      | DerDa set off with the following items: a +2 dagger, a
                  | potion of haste, a +0 short sword, a potion of curing, a +0
                  | robe, a ration
     0 | D:1      | Reached XP level 1. HP: 17/17 MP: 1/1
    95 | D:1      | Reached XP level 2. HP: 22/23 MP: 2/2
   745 | D:2      | Reached XP level 3. HP: 28/28 MP: 3/3
   989 | D:2      | Reached skill level 1 in Invocations
  1013 | D:2      | Reached skill level 1 in Short Blades
  1013 | D:2      | Reached skill level 1 in Axes
  1013 | D:2      | Reached skill level 1 in Maces & Flails
  1013 | D:2      | Reached skill level 1 in Polearms
  1013 | D:2      | Reached skill level 1 in Staves
  1013 | D:2      | Reached skill level 1 in Slings
  1013 | D:2      | Reached skill level 1 in Bows
  1013 | D:2      | Reached skill level 1 in Crossbows
  1013 | D:2      | Reached skill level 1 in Throwing
  1013 | D:2      | Reached skill level 1 in Armour
  1013 | D:2      | Reached skill level 1 in Shields
  1013 | D:2      | Reached skill level 1 in Spellcasting
  1013 | D:2      | Reached skill level 1 in Evocations
  1077 | D:2      | Reached XP level 4. HP: 19/34 MP: 5/5
  1845 | D:3      | Reached skill level 1 in Conjurations
  1845 | D:3      | Reached skill level 1 in Hexes
  1845 | D:3      | Reached skill level 1 in Charms
  1845 | D:3      | Reached skill level 1 in Summonings
  1845 | D:3      | Reached skill level 1 in Necromancy
  1845 | D:3      | Reached skill level 1 in Translocations
  1845 | D:3      | Reached skill level 1 in Transmutations
  1845 | D:3      | Reached skill level 1 in Fire Magic
  1845 | D:3      | Reached skill level 1 in Ice Magic
  1845 | D:3      | Reached skill level 1 in Air Magic
  1845 | D:3      | Reached skill level 1 in Earth Magic
  1845 | D:3      | Reached skill level 1 in Poison Magic
  2553 | D:4      | Slain by an orc priest

Illustrated notes

Levels and vault maps discovered:
D:1:      onia_arrival_mini_maze_b, layout_basic
D:2:      layout_loops_ring
D:3:      layout_basic, first_ration, grunt_decor_fettered
D:4:      minmay_recursive_quarters, layout_basic, temple_statues

Skill      XL: |  1  2  3  4 |
---------------+-------------+-----
Invocations    | 1 |  1.4
Short Blades   | 1 |  1.2
Axes           | 1 |  1.2
Maces & Flails | 1 |  1.2
Polearms       | 1 |  1.2
Staves         | 1 |  1.2
Slings         | 1 |  1.2
Bows           | 1 |  1.2
Crossbows      | 1 |  1.2
Throwing       | 1 |  1.2
Armour         | 1 |  1.2
Shields        | 1 |  1.2
Spellcasting   | 1 |  1.2
Evocations     | 1 |  1.2
Conjurations   | 1 |  1.0
Hexes          | 1 |  1.0
Charms         | 1 |  1.0
Summonings     | 1 |  1.0
Necromancy     | 1 |  1.0
Translocations | 1 |  1.0
Transmutations | 1 |  1.0
Fire Magic     | 1 |  1.0
Ice Magic      | 1 |  1.0
Air Magic      | 1 |  1.0
Earth Magic    | 1 |  1.0
Poison Magic   | 1 |  1.0
Fighting       | |  2.8
Long Blades    | |  2.8
Dodging        | |  4.7
Stealth        | |  7.9
Unarmed Combat | |  4.7

Action                   |  1- 3 |  4- 6 || total
-------------------------+-------+-------++-------
Melee: Dagger            |    95 |    59 ||   154
       Bite              |     5 |     5 ||    10
       Punch             |     2 |     2 ||     4
 Stab: Sleeping          |    10 |    10 ||    20
  Eat: Chunk             |     1 |     4 ||     5
Armor: Robe              |     8 |     3 ||    11
Dodge: Dodged            |    69 |    19 ||    88
